swag, chaotic male elven Wizard # ------|------ ------ ------ -------- |............####### -------------.- |....| |....| |......| |...........| # |..............#%#######|....| |..!!| |......-#####|...........| ##-.............| #......####|.!!!| -----.-- #............| |.............| |....| #!.!!!| ## |...........| |.............| |....| |.!!.| # ------------- `# --------.------ ------ ------ ### # # # ### # ### # * # ### # -----.- # # # |...`..######################)######--.--|- --------- |.*...| # #|.@...-##########..<.....| |......###### x.q...)| # |.......| |.....| `#.......## ####.....{..| |.....| #---.... # --------- -|----- `############## # swag the Thaumaturge Experience level: 6 Strength: 11 Dexterity: 13 Constitution: 12 Intelligence: 20 Wisdom: 11 Charisma: 11 Health: 0(35) Energy: 1(69) Def: 0 Gold: 85 Moves: 4042 Dungeon seed: lRisJFJJeKXTgrqF Game ID: swag_1506931479 Your Inventory: Coins $ - 85 gold pieces Weapons a - a blessed +1 quarterstaff (weapon in hands) t - 9 +0 ya Armor e - an uncursed burnt +0 cloak of magic resistance (being worn) Comestibles w - an uncursed tin of gecko meat Scrolls i - 2 uncursed scrolls of identify j - an uncursed scroll of remove curse o - an uncursed scroll of fire z - an uncursed scroll of light F - a blessed scroll of create monster Spellbooks k - a blessed spellbook of force bolt s - an uncursed spellbook of wizard lock D - an uncursed spellbook of cure blindness Potions g - an uncursed potion of confusion h - a blessed potion of see invisible A - an uncursed potion of water H - a blessed potion of healing Rings c - an uncursed ring of polymorph control d - an uncursed ring of see invisible v - an uncursed ring of free action Wands b - a wand of striking (0:6) B - a wand of teleportation (0:7) Tools m - a magic marker (0:96) n - an uncursed bugle x - 7 uncursed wax candles (0:400) y - a blessed tallow candle (0:200) C - an uncursed towel E - an uncursed tallow candle (0:200) Gems q - an uncursed worthless piece of blue glass Spells and supernatural/magical abilities: Name Level Category Fail Memory a - force bolt 1 attack 0% 80% w - wizard lock 2 matter 29% 98% x - extra healing 3 healing 63% 80% B - cure blindness 2 healing 29% 98% W - pray for help -- divine ? -- Your skills at the end: Fighting Skills Weapon Skills quarterstaff [Basic] Spellcasting Skills attack spells [Basic] enchantment spells [Basic] Final Attributes: You were piously aligned. You were sleep resistant. You were magic-protected. You were telepathic. You had infravision. You aggravated monsters. You are dead. Vanquished creatures: a small mimic a leprechaun a pony 3 gnome lords a gnomish wizard 2 floating eyes 2 kittens 4 dwarves 2 kobold shamans 4 hill orcs 2 dwarf zombies a werejackal an iguana 5 hobbits 5 giant rats 2 yellow molds 16 gnomes 4 garter snakes 3 geckos 4 jackals 3 foxes 2 goblins a sewer rat 6 grid bugs 2 lichens a kobold zombie 7 newts 86 creatures vanquished. Voluntary challenges: You had been an atheist until turn 4039. You used a wielded weapon 46 times, starting on turn 62. You read items or engraved 8 times, starting on turn 3545. You never genocided any monsters. You never polymorphed an object. You never changed form. You used no wishes. You never split a pudding. You never wrote Elbereth's name. You never violated your personal moral code. Dungeon overview: The Dungeons of Doom: levels 1 to 3 Level 1 a fountain a long staircase Level 2 stairs to The Gnomish Mines Level 3 <- You were here a potion shop, a fountain The Gnomish Mines: levels 3 to 4 Level 3 stairs to The Dungeons of Doom Level 4 History has recorded: On T:1 you entered the Dungeons of Doom to retrieve the Amulet of Yendor! On T:553 you reached level 2 of The Dungeons of Doom. On T:1072 you advanced to experience level 2. On T:1249 you reached level 3 of The Dungeons of Doom. On T:1255 you advanced to experience level 3. On T:1793 you advanced to experience level 4. On T:2744 you advanced to experience level 5. On T:2859 you reached level 1 of The Gnomish Mines. On T:3225 you reached level 2 of The Gnomish Mines. On T:3237 you advanced to experience level 6. Score breakdown: Gold: 85 ( 6580 points) Experience: 6 levels (12456 points) Exploration: 4 levels ( 7.69%) ( 7276 points) Discoveries: 2 items ( 0.72%) ( 2544 points) Valuables value: (no points given unless you survive) Artifact value: 0 ( 0 points) Variety of kills: 27 monsters ( 7.09%) ( 7986 points) Turncount: 4042 turns (-1040 points) Survival: died (score multiplied by 80%) Total score: 28641 Latest messages: You don't have enough energy to cast that spell. You hit the rothe. The rothe hits! The rothe bites! (2x) You hear crashing rock. You miss the rothe. The rothe hits! The rothe bites! (2x) You don't have enough energy to cast that spell. You begin praying to Anhur. You are surrounded by a shimmering light. The rothe starts to attack you, but pulls back. (2x) You feel that Anhur is well-pleased. You feel in good health again. You write in the dust with your fingers. The rothe hits! The rothe bites! (2x) You die... Final status: Goodbye swag the Wizard, killed by a rothe... You died in The Dungeons of Doom on dungeon level 3 with 28641 points, and 85 pieces of gold, after 4042 moves. You were level 6 with a maximum of 35 hit points when you died.